 Dungeon Crawl Stone Soup version 0.22-a0-48-g8770677 (webtiles) character file.

74 gmonis the Cudgeler (level 4, -14/39 HPs)
             Began as a Minotaur Berserker on Jan 7, 2018.
             Was a Believer of Trog.
             Demolished by Crazy Yiuf
             ... wielding a +4 quarterstaff of chaos
              (15 damage)
             ... on level 2 of the Dungeon.
             The game lasted 00:03:21 (2295 turns).

gmonis the Cudgeler (Minotaur Berserker)            Turns: 2295, Time: 00:03:22

Health: -14/39     AC:  2    Str: 22    XL:     4   Next: 9%
Magic:  0/3        EV: 11    Int:  4    God:    Trog [**....]
Gold:   83         SH:  0    Dex: 10    Spells: 3/3 levels left

rFire    . . .     SeeInvis +   a - +0 mace
rCold    . . .     Gourm    .   (no shield)
rNeg     . . .     Faith    .   b - +0 animal skin
rPois    .         Spirit   .   (helmet restricted)
rElec    .         Reflect  .   (no cloak)
rCorr    .         Harm     .   (no gloves)
MR       .....                  (no boots)
Stlth    +.........             (no amulet)
HPRegen  0.13/turn              l - ring of see invisible
MPRegen  0.08/turn              (no ring)

@: heavily drained
A: retaliatory headbutt, horns 2
a: Berserk, Trog's Hand, Burn Spellbooks, Renounce Religion


You were on level 2 of the Dungeon.
You worshipped Trog.
Trog was pleased with you.
You were not hungry.

You visited 1 branch of the dungeon, and saw 2 of its levels.

You collected 83 gold pieces.

Inventory:

Hand Weapons
 a - a +0 mace (weapon)
Missiles
 m - 85 stones (quivered)
Armour
 b - a +0 animal skin (worn)
Jewellery
 g - an uncursed amulet of harm
 l - a ring of see invisible (left hand)
Scrolls
 h - a scroll of fog {unknown}
 i - a scroll of random uselessness {unknown}
 j - 6 scrolls of remove curse {unknown}
 n - a scroll of magic mapping {unknown}
 p - a scroll of teleportation {unknown}
Potions
 d - 2 potions of curing {unknown}
 e - a potion of might {unknown}
 f - a potion of mutation {unknown}
 k - 2 potions of heal wounds {unknown}
 o - 2 potions of invisibility {unknown}
 q - a potion of brilliance {unknown}
Comestibles
 c - 4 rations


   Skills:
 - Level 3.6(2.1) Fighting
 + Level 6.0(4.4) Maces & Flails
 - Level 2.4(0.9) Armour
 - Level 2.1(0.7) Dodging


You had 3 spell levels left.
You didn't know any spells.

Dungeon Overview and Level Annotations

Branches:
Dungeon (2/15)

Altars:
Ashenzari
Okawaru

Annotations:
D:2 Crazy Yiuf


Innate Abilities, Weirdness & Mutations

You reflexively headbutt those who attack you in melee.
You have a pair of horns on your head.


Message History

You hit Crazy Yiuf.
Crazy Yiuf is lightly wounded.
Crazy Yiuf hits you with a quarterstaff of chaos!
Crazy Yiuf freezes you.
* * * LOW HITPOINT WARNING * * *
You hit Crazy Yiuf.
Crazy Yiuf is lightly wounded.
Crazy Yiuf closely misses you. You furiously retaliate!
You headbutt Crazy Yiuf. You hit Crazy Yiuf. Your headbutt misses Crazy Yiuf.
Crazy Yiuf is heavily wounded.
Crazy Yiuf hits you but does no damage.
You hit Crazy Yiuf but do no damage. Your headbutt misses Crazy Yiuf.
Crazy Yiuf is heavily wounded.
Crazy Yiuf cries, "Liver forty-two verde!"
Crazy Yiuf barely misses you.
Crazy Yiuf hits you with a quarterstaff of chaos!
* * * LOW HITPOINT WARNING * * *
You are electrocuted!
You die...

#.#
#..P.#
##.'
#.#
##PP.#
#..#
#.#
##.##
##.#
#.#
##.#
#...
..#
#.##
##.#
##.#
###
#.##
##'##
#.@.#
#
#.g.#
#
#)..#
#
#####
# #
####
#(..
#.##
...
#.#


You could see Crazy Yiuf.

Vanquished Creatures
  2 adders (D:2)
  An ooze (D:1)
  A worm (D:2)
  2 dart slugs (D:1)
  A leopard gecko (D:1)
  6 bats
  4 giant cockroaches
  6 goblins
  4 hobgoblins
  2 jackals (D:2)
  8 kobolds
  3 frilled lizards (D:2)
  5 rats (D:1)
45 creatures vanquished.

Notes
Turn   | Place    | Note
-------+----------+-------------------------------------------
     0 | D:1      | gmonis the Minotaur Berserker began the quest for the Orb.
     0 | D:1      | Reached XP level 1. HP: 19/19 MP: 0/0
   444 | D:1      | Reached skill level 4 in Maces & Flails
   475 | D:1      | Found a shattered altar of Ashenzari.
   482 | D:1      | Reached XP level 2. HP: 26/26 MP: 1/1
   795 | D:1      | Reached skill level 5 in Maces & Flails
   963 | D:1      | Reached XP level 3. HP: 29/31 MP: 2/2
  1627 | D:2      | Reached ** piety under Trog
  2062 | D:2      | Reached skill level 6 in Maces & Flails
  2062 | D:2      | Reached XP level 4. HP: 39/39 MP: 3/3
  2147 | D:2      | Found an iron altar of Okawaru.
  2285 | D:2      | Found a runed door.
  2289 | D:2      | Noticed Crazy Yiuf
  2295 | D:2      | HP: 1/39 [Crazy Yiuf/quarterstaff of chaos (8)]
  2295 | D:2      | Demolished by Crazy Yiuf

Vault maps used:
D:1:      grunt_arrival_crossed_arrows, evilmike_ruin_ashenzari
D:2:      okawaru_ov_weapons_minmay, minmay_misc_feat_doors,
          uniq_crazy_yiuf_cottage

Skill      XL: |  1  2  3 |
---------------+----------+-----
Maces & Flails | 4 5 6 |  6.0
Fighting       | |  3.6
Armour         | |  2.4
Dodging        | |  2.1

Action                   |  1- 3 |  4- 6 || total
-------------------------+-------+-------++-------
Melee: Mace              |    75 |    10 ||    85
       Headbutt          |    11 |     1 ||    12
Throw: Stone             |     1 |       ||     1
  Eat: Chunk             |     4 |       ||     4
Armor: Animal skin       |    17 |     3 ||    20
Dodge: Dodged            |    47 |     9 ||    56

Table legend:
 A = Spawn XP
 B = Non-spawn XP
 C = Spawn XP percentage of total XP
 D = Spawn monster count
 E = Non-spawn monster count
 F = Spawn count percentage of total count
 G = Total turns spent on level
                    A         B        C        D         E        F      G
               +---------+---------+-------+---------+---------+-------+---------
         Total |       0 |     106 |   0.0 |       0 |      45 |   0.0 |  2295
               +---------+---------+-------+---------+---------+-------+---------
           D:1 |       0 |      46 |   0.0 |       0 |      23 |   0.0 |  1291
           D:2 |       0 |      60 |   0.0 |       0 |      22 |   0.0 |  1004
               +---------+---------+-------+---------+---------+-------+---------
